 Dungeon Crawl Stone Soup version 0.29.0-11-gd7f09526c8 (webtiles) character file.

Game seed: 3611270056519515313

106 themarg the Grave Robber (level 4, -1/32 HPs)
             Began as a Gnoll Wanderer on Sept 2, 2022.
             Slain by a gnoll
             ... wielding a +0 spear
              (4 damage)
             ... on level 3 of the Dungeon.
             The game lasted 00:08:11 (2491 turns).

themarg the Grave Robber (Gnoll Wanderer)           Turns: 2491, Time: 00:08:12

Health: -1/32      AC:  4    Str: 11    XL:     4   Next: 84%
Magic:  11/11      EV: 12    Int: 13    God:
Gold:   100        SH:  0    Dex: 12    Spells: 12/13 levels left

rFire   . . .      SeeInvis .   o - +0 hand axe
rCold   + . .      Faith    .   (no shield)
rNeg    . . .      Spirit   .   j - +0 leather armour
rPois   .          Reflect  .   (no helmet)
rElec   .          Harm     .   (no cloak)
rCorr   .          Rampage  .   (no gloves)
Will    +....                   l - +0 pair of boots
Stlth   +.........              (no amulet)
HPRegen 0.10/turn               i - ring of protection from cold
MPRegen 0.12/turn               n - ring of willpower

@: no status effects
A: fangs 1, strong nose, distributed training
a: no special abilities


You were on level 3 of the Dungeon.
You visited 1 branch of the dungeon, and saw 3 of its levels.

You collected 100 gold pieces.

Inventory:

Hand Weapons
 a - a +0 quarterstaff
 o - a +0 hand axe (weapon)
Missiles
 k - 2 atropa-tipped darts
 m - 5 poisoned darts
Armour
 j - a +0 leather armour (worn)
 l - a +0 pair of boots (worn)
Jewellery
 i - a ring of protection from cold (left hand)
 n - a ring of willpower (right hand)
Wands
 b - a wand of polymorph (6)
Scrolls
 d - a scroll of summoning {unknown}
 e - 3 scrolls of identify {unknown}
 f - 2 scrolls of blinking {unknown}
 h - a scroll of noise {unknown}
Potions
 c - a potion of invisibility
 g - a potion of attraction {unknown}
 p - a potion of mutation {unknown}


   Skills:
 + Level 1.3 Fighting
 + Level 1.3 Short Blades
 + Level 1.3 Long Blades
 + Level 1.3 Axes
 + Level 1.3 Maces & Flails
 + Level 1.3 Polearms
 + Level 4.7 Staves
 + Level 1.3 Ranged Weapons
 + Level 1.3 Throwing
 + Level 1.3 Armour
 + Level 2.8 Dodging
 + Level 1.3 Stealth
 + Level 1.3 Shields
 + Level 1.3 Unarmed Combat
 + Level 5.1 Spellcasting
 + Level 1.0 Conjurations
 + Level 1.0 Hexes
 + Level 1.0 Summonings
 + Level 7.1 Necromancy
 + Level 1.0 Translocations
 + Level 1.0 Transmutations
 + Level 1.0 Fire Magic
 + Level 1.0 Ice Magic
 + Level 1.0 Air Magic
 + Level 1.0 Earth Magic
 + Level 1.0 Poison Magic
 + Level 1.4 Invocations
 + Level 2.8 Evocations


You had 12 spell levels left.
You knew the following spells:

 Your Spells              Type           Power      Damage    Failure   Level
a - Necrotise             Necr           88%        1d8       1%          1

Your spell library contained the following spells:

 Spells                   Type           Power      Damage    Failure   Level
 Sublimation of Blood     Necr           22%        N/A       1%          2
 Summon Small Mammal      Summ           24%        N/A       16%         1
 Scorch                   Fire           12%        2d6       24%         2
 Anguish                  Hex/Necr       7%         N/A       41%         4
 Call Canine Familiar     Summ           6%         N/A       43%         3
 Summon Guardian Golem    Hex/Summ       6%         N/A       43%         3
 Flame Wave               Conj/Fire      6%         2d5       83%         4
 Summon Cactus Giant      Summ           3%         N/A       100%        6


Dungeon Overview and Level Annotations

Branches:
Dungeon (3/15)

Altars:

Annotations:
D:3 exclusion: scorpion


Innate Abilities, Weirdness & Mutations

You have very sharp teeth.
Your uncanny sense of smell can sniff out nearby items.
Your experience applies equally to all skills.


Message History

The gnoll is severely wounded.
The gnoll closely misses you.
You hit the gnoll.
The gnoll is almost dead.
The gnoll closely misses you. The gnoll hits you but does no damage.
You hit the gnoll.
You kill the gnoll!
The gnoll misses you.
You hit the gnoll. You bite the gnoll.
The gnoll is heavily wounded.
The gnoll barely misses you. The gnoll misses you.
You hit the gnoll.
The gnoll is severely wounded.
The gnoll hits you from afar with a +0 spear.
The gnoll closely misses you. The gnoll hits you with a +0 flail!
You slash the gnoll!
You kill the gnoll!
The gnoll completely misses you. x2
The gnoll hits you from afar with a +0 spear.
The gnoll barely misses you. The gnoll barely misses you.
The gnoll hits you but does no damage.
Items here: )) ††.
You barely miss the gnoll. You hit the gnoll.
The gnoll hits you with a +0 spear. The gnoll barely misses you.
You hit the gnoll.
The gnoll is heavily wounded.
You hit the gnoll. The gnoll barely misses you.
The gnoll hits you with a +0 spear.
You hit the gnoll.
The gnoll is heavily wounded.
You barely miss the gnoll. The gnoll hits you with a +0 spear.
* * * LOW HITPOINT WARNING * * *
The gnoll hits you with a +0 spear.
* * * LOW HITPOINT WARNING * * *
You hit the gnoll.
The gnoll is almost dead.
You hit the gnoll. The gnoll hits you with a +0 spear.
* * * LOW HITPOINT WARNING * * *
The gnoll barely misses you. The gnoll hits you with a +0 spear.
You die...

#.....######
....#..........####
#...#..............
#.................. #..
#.............. #######..
#.............. ........#
#..............
?......g###......(...####
.......g@.......###.##
[....#####.###### #..#
...........# ##.## .
..####### ####..### ∆
#.......# #.....#.#.#
..<..#.#.#.. .....#.#.###
.... #.#....


You could see 2 gnolls.

Vanquished Creatures
  2 gnolls (D:3)
  4 adders
  A worm (D:2)
  3 dart slugs (D:1)
  3 orcs (D:3)
  2 endoplasms
  2 giant cockroaches (D:1)
  4 hobgoblins
  3 jackals (D:2)
  3 quokkas
  3 ball pythons
  4 bats
  A goblin (D:1)
  4 kobolds
  3 rats (D:2)
42 creatures vanquished.

Notes
Turn   | Place    | Note
-------+----------+-------------------------------------------
     0 | D:1      | themarg the Gnoll Wanderer began the quest for the Orb.
     0 | D:1      | themarg set off with the following items: a +0
                  | quarterstaff, a wand of polymorph (6), a potion of
                  | invisibility, a +0 robe; and the following spell memorised:
                  | Necrotise; and the following spells available to memorise:
                  | Sublimation of Blood, Anguish.
     0 | D:1      | Reached XP level 1. HP: 13/13 MP: 6/6
   194 | D:1      | Reached XP level 2. HP: 19/19 MP: 7/7
  1095 | D:2      | Reached skill level 5 in Spellcasting
  1095 | D:2      | Reached XP level 3. HP: 25/25 MP: 7/9
  1121 | D:2      | Found a faded altar of an unknown god.
  1303 | D:2      | Reached skill level 1 in Invocations
  1430 | D:2      | Reached skill level 1 in Fighting
  1430 | D:2      | Reached skill level 1 in Short Blades
  1430 | D:2      | Reached skill level 1 in Long Blades
  1430 | D:2      | Reached skill level 1 in Axes
  1430 | D:2      | Reached skill level 1 in Maces & Flails
  1430 | D:2      | Reached skill level 1 in Polearms
  1430 | D:2      | Reached skill level 1 in Ranged Weapons
  1430 | D:2      | Reached skill level 1 in Throwing
  1430 | D:2      | Reached skill level 1 in Armour
  1430 | D:2      | Reached skill level 1 in Stealth
  1430 | D:2      | Reached skill level 1 in Shields
  1430 | D:2      | Reached skill level 1 in Unarmed Combat
  1804 | D:2      | Reached XP level 4. HP: 32/32 MP: 11/11
  2095 | D:3      | Reached skill level 1 in Conjurations
  2095 | D:3      | Reached skill level 1 in Hexes
  2095 | D:3      | Reached skill level 1 in Summonings
  2095 | D:3      | Reached skill level 1 in Translocations
  2095 | D:3      | Reached skill level 1 in Transmutations
  2095 | D:3      | Reached skill level 1 in Fire Magic
  2095 | D:3      | Reached skill level 1 in Ice Magic
  2095 | D:3      | Reached skill level 1 in Air Magic
  2095 | D:3      | Reached skill level 1 in Earth Magic
  2095 | D:3      | Reached skill level 1 in Poison Magic
  2368 | D:3      | Noticed a scorpion
  2491 | D:3      | Slain by a gnoll

Illustrated notes

Levels and vault maps discovered:
D:1:      amcnicky_arrival_blooded_trapdoor, layout_rooms
D:2:      layout_basic, basic_ecumenical_altar
D:3:      gammafunk_wand_slinger, layout_basic

Skill      XL: |  1  2  3  4 |
---------------+-------------+-----
Spellcasting   | 5 |  5.1
Invocations    | 1 |  1.4
Fighting       | 1 |  1.3
Short Blades   | 1 |  1.3
Long Blades    | 1 |  1.3
Axes           | 1 |  1.3
Maces & Flails | 1 |  1.3
Polearms       | 1 |  1.3
Ranged Weapons | 1 |  1.3
Throwing       | 1 |  1.3
Armour         | 1 |  1.3
Stealth        | 1 |  1.3
Shields        | 1 |  1.3
Unarmed Combat | 1 |  1.3
Conjurations   | 1 |  1.0
Hexes          | 1 |  1.0
Summonings     | 1 |  1.0
Translocations | 1 |  1.0
Transmutations | 1 |  1.0
Fire Magic     | 1 |  1.0
Ice Magic      | 1 |  1.0
Air Magic      | 1 |  1.0
Earth Magic    | 1 |  1.0
Poison Magic   | 1 |  1.0
Staves         | |  4.7
Dodging        | |  2.8
Necromancy     | |  7.1
Evocations     | |  2.8

Action                   |  1- 3 |  4- 6 || total
-------------------------+-------+-------++-------
Melee: Quarterstaff      |    95 |    24 ||   119
       Bite              |     3 |     5 ||     8
       Hand axe          |       |    14 ||    14
       Punch             |       |     1 ||     1
 Stab: Sleeping          |     1 |     1 ||     2
Armor: Robe              |    17 |       ||    17
       Leather armour    |    12 |    11 ||    23
Dodge: Dodged            |    71 |    24 ||    95
